 Dungeon Crawl Stone Soup version 0.25-a0-804-g50c693f418 (webtiles) character file.

Game seed: 4614613566727376631, levelgen mode: deterministic

277 Esekla the Magician (level 6, -4/34 HPs)
             Began as a Tengu Venom Mage on Apr 19, 2020.
             Slain by a wyvern skeleton (14 damage)
             ... on level 4 of the Dungeon.
             The game lasted 00:21:18 (3801 turns).

Esekla the Magician (Tengu Venom Mage)              Turns: 3801, Time: 00:21:18

Health: -4/34      AC:  2    Str:  8    XL:     6   Next: 26%
Magic:  13/13      EV: 13    Int: 17    God:
Gold:   302        SH:  0    Dex: 15    Spells: 4/13 levels left

rFire    . . .     SeeInvis .   l - +2 short sword (drain)
rCold    . . .     Gourm    .   (no shield)
rNeg     . . .     Faith    .   a - +0 robe
rPois    .         Spirit   .   (helmet restricted)
rElec    .         Reflect  .   (no cloak)
rCorr    +         Harm     .   (no gloves)
MR       .....                  (boots unavailable)
Stlth    ++........             (no amulet)
HPRegen  0.11/turn              h - ring of resist corrosion
MPRegen  0.13/turn              (no ring)

@: no status effects
A: beak, talons 3, able to fly
a: Fly


You were on level 4 of the Dungeon.
You were not hungry.

You visited 1 branch of the dungeon, and saw 4 of its levels.

You collected 302 gold pieces.

Inventory:

Hand Weapons
 d - a +0 war axe
 l - a +2 short sword of draining (weapon)
Missiles
 j - 15 poisoned darts (quivered)
Armour
 a - a +0 robe (worn)
Jewellery
 h - a ring of resist corrosion (left hand)
Wands
 f - a wand of disintegration (5)
Scrolls
 e - a scroll of magic mapping {unknown}
 i - 2 scrolls of identify {unknown}
 k - a scroll of blinking {unknown}
 m - a scroll of remove curse {unknown}
 n - 2 scrolls of fog {unknown}
Potions
 b - 3 potions of cancellation {unknown}
 g - a potion of curing {unknown}
Comestibles
 c - 6 rations


   Skills:
 + Level 1.1 Fighting
 + Level 1.0 Short Blades
 + Level 0.3 Axes
 + Level 2.6 Dodging
 - Level 2.0 Stealth
 * Level 4.2 Spellcasting
 * Level 1.6 Conjurations
 - Level 0.7 Transmutations
 * Level 3.4 Air Magic
 - Level 3.3 Poison Magic


You had 4 spell levels left.
You knew the following spells:

 Your Spells              Type           Power        Failure   Level  Hunger
a - Sting                 Tmut/Pois      ##..         7%          1    None
c - Mephitic Cloud        Conj/Pois/Air  ##......     14%         3    ###....
n - Ignite Poison         Fire/Tmut/Pois #.......     26%         3    ###....
v - Poisonous Vapours     Pois/Air       ###...       6%          2    ##.....

Your spell library contained the following spells:

 Spells                   Type           Power        Failure   Level  Hunger
 Olgreb's Toxic Radiance  Pois           ###.....     36%         4    ####...


Dungeon Overview and Level Annotations

Branches:
Dungeon (4/15)
 Temple: D:4-7

Altars:
Ru
Xom

Annotations:
D:4 Pikel


Innate Abilities, Weirdness & Mutations

You have a beak for a mouth.
You have claws for feet.
You can fly continuously.


Message History

A wyvern skeleton comes into view.
You see here 12 gold pieces.
You now have 302 gold pieces (gained 12).
The wyvern skeleton barely misses you.
Found an escape hatch in the floor.
You puncture the wyvern skeleton!
The wyvern skeleton is moderately damaged.
The wyvern skeleton barely misses you.
You hit the wyvern skeleton.
The wyvern skeleton is moderately damaged.
The wyvern skeleton bites you! x2
You hit the wyvern skeleton but do no damage.
You peck the wyvern skeleton, but do no damage.
The wyvern skeleton is moderately damaged.
The wyvern skeleton bites you.
* * * LOW HITPOINT WARNING * * *
You hit the wyvern skeleton.
The wyvern skeleton is heavily damaged.
The wyvern skeleton barely misses you. The wyvern skeleton bites you!
You die...

#.....######.##.............
+.....'.......#.............
#.....######................
##....# #.#..............
##...## #.#.........#####
##...# #.#.#'......#
'....#### #....'......#
#....)....#####.#......#
#........... #.@Z.....#
#..............#.......#
...#.###....>..........#
.#.#... ...............#
.#.###.............###.#
.#.##..............# #
....................
##...................
##.............


You could see a wyvern skeleton.

Vanquished Creatures
  2 hounds (D:4)
  2 orc wizards
  Natasha (D:2)
  A worker ant (D:3)
  5 adders
  2 worms
  A leopard gecko (D:1)
  3 orcs (D:4)
  A giant cockroach (D:4)
  8 goblins
  6 hobgoblins
  4 jackals
  6 kobolds
  A quokka (D:2)
  9 bats
  5 frilled lizards
  8 rats
65 creatures vanquished.

Vanquished Creatures (others)
  4 toadstools (D:1)
4 creatures vanquished.

Grand Total: 69 creatures vanquished

Notes
Turn   | Place    | Note
-------+----------+-------------------------------------------
     0 | D:1      | Esekla the Tengu Venom Mage began the quest for the Orb.
     0 | D:1      | Reached XP level 1. HP: 10/10 MP: 4/4
    96 | D:2      | Reached XP level 2. HP: 5/15 MP: 3/6
   579 | D:1      | Learned a level 2 spell: Poisonous Vapours
   597 | D:2      | Found a sacrificial altar of Ru.
   608 | D:2      | Reached skill level 1 in Air Magic
   608 | D:2      | Reached XP level 3. HP: 12/19 MP: 2/8
   619 | D:2      | Noticed Natasha
   875 | D:3      | Learned a level 3 spell: Mephitic Cloud
  1074 | D:4      | Reached XP level 4. HP: 14/24 MP: 2/9
  1201 | D:4      | Reached skill level 3 in Spellcasting
  1207 | D:4      | Learned a level 3 spell: Ignite Poison
  1226 | D:4      | Noticed a slave
  1226 | D:4      | Noticed Pikel
  1227 | D:4      | Noticed a slave
  1227 | D:4      | Noticed a slave
  1230 | D:4      | Noticed a slave
  1348 | D:4      | Reached skill level 1 in Fighting
  1351 | D:4      | Reached skill level 1 in Conjurations
  1361 | D:4      | Gained mutation: You can fly continuously. [Tengu growth]
  1361 | D:4      | Reached XP level 5. HP: 25/29 MP: 0/11
  2126 | D:3      | Reached skill level 4 in Spellcasting
  2568 | D:1      | Reached XP level 6. HP: 33/34 MP: 13/13
  3209 | D:2      | Reached skill level 1 in Short Blades
  3354 | D:2      | Found a shimmering altar of Xom.
  3355 | D:2      | Killed Natasha
  3801 | D:4      | Slain by a wyvern skeleton

Levels and vault maps discovered:
D:1:      heliophobic_arrival_battle_scene, layout_basic, glass_columns_a,
          amethyst_killhole, minmay_gold_behind_fungi, hangedman_decor_opposing,
          minmay_misc_feat_room
D:2:      layout_basic, marbit_many_paths, first_ration,
          nicolae_ru_great_annihilating_truth, uniq_natasha
D:3:      layout_basic, chequers_big_river, columned_hall_lemuel,
          grunt_ministairs_4, minmay_misc_feat_columns
D:4:      layout_basic, old_standard_altar, grunt_temple_overflow_open,
          uniq_ijyb, uniq_pikel

Skill      XL: |  1  2  3  4  5  6 |
---------------+-------------------+-----
Air Magic      | 1 2 3 |  3.4
Spellcasting   | 3 4 |  4.2
Fighting       | 1 |  1.1
Conjurations   | 1 |  1.6
Short Blades   | 1 |  1.0
Axes           | |  0.3
Dodging        | |  2.6
Stealth        | |  2.0
Transmutations | |  0.7
Poison Magic   | |  3.3

Action                   |  1- 3 |  4- 6 || total
-------------------------+-------+-------++-------
Melee: Short sword       |    21 |    81 ||   102
       War axe           |     4 |       ||     4
       Mace              |     3 |       ||     3
       Kick              |     4 |    17 ||    21
       Peck              |     5 |     9 ||    14
       Unarmed           |     1 |       ||     1
Throw: Dart              |       |     1 ||     1
 Cast: Sting             |     2 |       ||     2
       Poisonous Vapours |     8 |    36 ||    44
       Mephitic Cloud    |       |     1 ||     1
 Abil: Fly               |       |     3 ||     3
       Stop Flying       |       |     3 ||     3
 Stab: Sleeping          |       |     4 ||     4
       Paralysed         |       |     1 ||     1
       Confused          |       |     2 ||     2
  Eat: Chunk             |       |     9 ||     9
       Ration            |       |     1 ||     1
Armor: Robe              |    11 |    11 ||    22
Dodge: Dodged            |    21 |    71 ||    92

Table legend:
 A = Non-vault XP
 B = Vault XP
 C = Vault XP percentage of total XP
 D = Non-vault monster count
 E = Vault monster count
 F = Vault count percentage of total count
                 A         B        C        D         E       F
            +---------+---------+-------+---------+---------+-------
      Total |     297 |     100 |  25.2 |      57 |       8 |  12.3
            +---------+---------+-------+---------+---------+-------
        D:1 |      36 |       0 |   0.0 |      22 |       0 |   0.0
        D:2 |      33 |      82 |  71.3 |      14 |       6 |  30.0
        D:3 |      74 |      18 |  19.6 |      12 |       2 |  14.3
        D:4 |     154 |       0 |   0.0 |       9 |       0 |   0.0
            +---------+---------+-------+---------+---------+-------
